 Dungeon Crawl Stone Soup version 0.21.1-1-g345015f (webtiles) character file.

5 lotte the Magician (level 1, 0/11 HPs)
             Began as an Octopode Wizard on June 29, 2018.
             Slain by a jackal (3 damage)
             ... on level 1 of the Dungeon.
             The game lasted 00:01:35 (303 turns).

lotte the Magician (Octopode Wizard)                 Turns: 303, Time: 00:01:35

Health: 0/11       AC:  1    Str:  6    XL:     1   Next: 80%
Magic:  1/4        EV: 13    Int: 20    God:
Gold:   0          SH:  0    Dex: 10    Spells: 5/6 levels left

rFire    . . .     SeeInvis .   (no weapon)
rCold    . . .     Gourm    .   (no shield)
rNeg     . . .     Faith    .   a - +0 hat
rPois    .         Spirit   .   (no amulet)
rElec    .         Reflect  .   (no ring)
rCorr    .         Harm     .   (no ring)
MR       .....                  (no ring)
Stlth    +++.......             (no ring)
HPRegen  0.03/turn              (no ring)
MPRegen  0.09/turn              (no ring)
                                (no ring)
                                (no ring)

@: very slightly contaminated
A: almost no armour, stealthy swim, amphibious, 8 rings, constrict 8, camouflage
1, gelatinous body 1
a: no special abilities


You were on level 1 of the Dungeon.
You were not hungry.

You visited 1 branch of the dungeon, and saw 1 of its levels.

Inventory:

Armour
 a - a +0 hat (worn)
Scrolls
 d - a scroll of teleportation {unknown}
 e - a scroll of enchant weapon {unknown}
 g - a scroll of identify {unknown}
Potions
 f - a potion of curing {unknown}
 h - a potion of lignification {unknown}
Books
 b - a book of Minor Magic

   Spells                             Type                      Level
   a - Magic Dart                     Conjuration                  1
   b - Blink                          Translocation                2
   c - Call Imp                       Summoning                    2
   d - Slow                           Hexes                        2
   e - Conjure Flame                  Conjuration/Fire             3
   f - Mephitic Cloud                 Conjuration/Poison/Air       3
Comestibles
 c - a ration
 i - a chunk of flesh


   Skills:
 - Level 2.0 Dodging
 - Level 2.8 Stealth
 + Level 3.2 Spellcasting
 * Level 1.0 Conjurations
   Level 1.0 Summonings
   Level 1.0 Translocations


You had 5 spell levels left.
You knew the following spells:

 Your Spells              Type           Power        Failure   Level  Hunger
a - Magic Dart            Conj           #...         9%          1    None


Dungeon Overview and Level Annotations

Branches:
Dungeon (1/15)

Altars:


Innate Abilities, Weirdness & Mutations

You cannot wear most types of armour.
You are very stealthy in the water. (Stealth+)
You are amphibious.
You can wear up to eight rings at the same time.
You can use your tentacles to constrict eight enemies at once.
Your skin changes colour to match your surroundings (Stealth+).
Your rubbery body absorbs attacks. (AC +1, EV +1)


Message History

The jackal struggles to escape constriction.
The jackal bites you.
You tentacle-slap the jackal but do no damage.
The jackal is severely wounded.
You constrict the jackal. The jackal misses you.
You barely miss the jackal.
You squeeze the jackal, but do no damage.
The jackal is almost dead.
You constrict the jackal.
You kill the jackal!
The jackal misses you. The jackal barely misses you. The jackal bites you. x2
You barely miss the jackal. You grab the jackal. You constrict the jackal.
The jackal closely misses you.
The jackal bites you but does no damage.
The jackal bites you. x2
* * * LOW HITPOINT WARNING * * *
You tentacle-slap the jackal but do no damage.
The jackal is lightly wounded.
You constrict the jackal. The jackal barely misses you. The jackal bites you.
You die...

♣♣......#...♣
♣PP#.#......♣...
♣...#.##.....♣♣.♣
P♣♣..........♣..♣♣###+####
..P..........♣..♣♣........
..P.###.#....♣P.♣♣........
#............♣..♣♣........
#...###.#.##.♣♣.♣♣........
#...#......'....@h........
..#.#.#.#..#....hhK.......
....#.#.#....######.......
....#.#.#..#.# ...####
.>............ h...#
..#...........# .....♣
..#.#.#.######## ...♣.♣
#.#.#.#.##..<..## ...#..
....#.#.#.......#


You could see 3 jackals and a kobold.

Vanquished Creatures
  A jackal (D:1)
  3 bats (D:1)
  A goblin (D:1)
  2 rats (D:1)
7 creatures vanquished.

Notes
Turn   | Place    | Note
-------+----------+-------------------------------------------
     0 | D:1      | lotte the Octopode Wizard began the quest for the Orb.
     0 | D:1      | Reached XP level 1. HP: 11/11 MP: 4/4
   303 | D:1      | Slain by a jackal

Action                   || total
-------------------------++-------
Melee: Unarmed           ||     8
       Constrict         ||     3
       Tentacles         ||     1
 Cast: Magic Dart        ||    11
 Stab: Sleeping          ||     1
Armor: Skin              ||     1
Dodge: Dodged            ||    12
